 Dungeon Crawl Stone Soup version 0.27-a0-1196-g3e9cee4cb2 (webtiles) character file.

Game seed: 7980969322267986657

1274 siradein the Chucker (level 8, -1/70 HPs)
             Began as a Troll Hunter on May 28, 2021.
             Killed from afar by Dowan (13 damage)
             ... with a shard of ice
             ... on level 6 of the Dungeon.
             The game lasted 00:11:54 (4871 turns).

siradein the Chucker (Troll Hunter)                 Turns: 4871, Time: 00:11:54

Health: -1/70      AC:  4    Str: 23    XL:     8   Next: 28%
Magic:  7/7        EV:  9    Int:  7    God:
Gold:   271        SH:  0    Dex: 10    Spells: 7/7 levels left

rFire    + . .     SeeInvis .     - Unarmed
rCold    . . .     Faith    .   (no shield)
rNeg     . . .     Spirit   .   b - +0 robe
rPois    .         Reflect  .   (helmet restricted)
rElec    .         Harm     .   (no cloak)
rCorr    .         Rampage  .   (gloves unavailable)
Will     .....                  (boots unavailable)
Stlth    +.........             (no amulet)
HPRegen  1.21/turn              a - ring of protection from fire
MPRegen  0.10/turn              A - ring of flight

@: flying
A: large, unfitting armour, claws 3, regeneration 1, shaggy fur 1, tough skin 1
a: no special abilities


You were on level 6 of the Dungeon.
You visited 1 branch of the dungeon, and saw 6 of its levels.

You collected 271 gold pieces.

Inventory:

Hand Weapons
 g - a +0 hunting sling
Missiles
 c - 5 large rocks (quivered)
 d - 2 throwing nets
 j - 155 stones
 o - 23 sling bullets
 s - 6 boomerangs
Armour
 b - a +0 robe (worn)
Jewellery
 a - a ring of protection from fire (left claw)
 A - a ring of flight (right claw)
Wands
 u - a wand of paralysis (6)
 y - a wand of mindburst (9)
Scrolls
 e - a scroll of holy word {unknown}
 f - 5 scrolls of identify {unknown}
 h - a scroll of amnesia {unknown}
 l - 2 scrolls of immolation {unknown}
 n - a scroll of torment {unknown}
 q - 3 scrolls of teleportation {unknown}
 r - a scroll of blinking {unknown}
 t - a scroll of enchant armour {unknown}
 w - a scroll of vulnerability {unknown}
Potions
 i - a potion of mutation {unknown}
 k - 2 potions of degeneration {unknown}
 m - 4 potions of heal wounds {unknown}
 p - 2 potions of haste {unknown}
 v - a potion of resistance {unknown}
 x - 2 potions of curing {unknown}
 z - a potion of lignification {unknown}


   Skills:
 - Level 1.5 Fighting
 + Level 7.5 Throwing
 - Level 1.5 Dodging
 - Level 0.3 Stealth
 + Level 7.0 Unarmed Combat


You had 7 spell levels left.
You didn't know any spells.
Your spell library contained the following spells:

 Spells                   Type           Power      Damage    Failure   Level
 Summon Small Mammal      Summ           0%         N/A       43%         1
 Call Imp                 Summ           0%         N/A       56%         2
 Call Canine Familiar     Summ           0%         N/A       80%         3
 Summon Guardian Golem    Hex/Summ       0%         N/A       80%         3
 Summon Ice Beast         Ice/Summ       0%         N/A       99%         4
 Summon Lightning Spire   Summ/Air       0%         N/A       99%         4


Dungeon Overview and Level Annotations

Branches:
Dungeon (6/15)
 Temple: D:4-7

Altars:
Trog

Annotations:
D:6 Dowan


Innate Abilities, Weirdness & Mutations

You are too large for most types of armour.
You have claws for hands.
Your natural rate of healing is unusually fast.
You are covered in fur. (AC +1)
You have tough skin. (AC +1)


Message History

You miss Dowan. You claw Dowan, but do no damage.
Dowan is severely wounded.
Something hits you. Dowan hits you but does no damage.
You claw Dowan!
Dowan is almost dead.
Dowan casts a spell at you. The shard of ice misses you.
The orc priest calls down the wrath of Beogh upon you.
Something writhes in agony!
Reactivating autopickup.
Dowan hits you but does no damage.
You closely miss Dowan.
Dowan is almost dead.
Dowan hits you with a +0 dagger.
You barely miss Dowan.
Dowan is almost dead.
The orc priest miscasts a cantrip.
Dowan hits you but does no damage.
You barely miss the orc priest. Dowan hits you with a +0 dagger.
The orc priest hits you with a +0 flail.
You barely miss the orc priest. Dowan gestures at you while chanting.
The stone arrow misses you. The orc priest barely misses you.
Dowan casts a spell at you. The shard of ice hits you.
You claw the orc priest!
You claw the orc priest, but do no damage.
The orc priest is heavily wounded.
Dowan gestures at you while chanting. The shard of ice hits you!
* * * LOW HITPOINT WARNING * * *
The orc priest mumbles some strange prayers to Beogh against you.
Pain shoots through your body!
* * * LOW HITPOINT WARNING * * *
You scratch the orc priest.
The orc priest is severely wounded.
Dowan breathes, "And she was my only..."
Dowan casts a spell at you. The shard of ice hits you!
You die...

######. ...... ########
..##.#### #.......
#e##.#...##.#####.
.######@##..###.#.# #.
......o...........# #.
.######)##..###.#.# #.
(((...).#......##.#####.
########.....####.......
##...## ####.### ##.##
#.## #.# #..# #.# ##.#


You could see Dowan (fast) and an orc priest.

Vanquished Creatures
  Duvessa (D:6)
  A sky beast (D:5)
  3 ogres (D:5)
  Blork the orc (D:5)
  A scorpion (D:5)
  2 wyvern zombies
  A howler monkey (D:6)
  2 jellies (D:5)
  A hound (D:5)
  A centaur skeleton (D:6)
  2 orc priests (D:4)
  2 iguanas
  6 orc wizards
  Terence (D:3)
  A hound zombie (D:5)
  4 adders
  A shadow imp (D:6)
  A white imp (D:6)
  An ufetubus (D:5)
  An adder skeleton (D:4)
  A worm (D:3)
  2 dart slugs (D:4)
  13 orcs
  7 ball pythons
  4 bats
  4 endoplasms
  A giant cockroach (D:3)
  6 goblins
  2 hobgoblins
  2 jackals (D:1)
  3 kobolds
  A quokka (D:3)
  6 frilled lizards
  2 rats (D:2)
88 creatures vanquished.

Vanquished Creatures (others)
  2 orc wizards
2 creatures vanquished.

Grand Total: 90 creatures vanquished

Notes
Turn   | Place    | Note
-------+----------+-------------------------------------------
     0 | D:1      | siradein the Troll Hunter began the quest for the Orb.
     0 | D:1      | Reached XP level 1. HP: 19/19 MP: 0/0
   199 | D:1      | Found a faded altar of an unknown god.
   442 | D:1      | Found Paluezas's Distillery.
   459 | D:1      | Reached skill level 1 in Unarmed Combat
   475 | D:1      | Reached XP level 2. HP: 27/27 MP: 1/1
  1142 | D:2      | Reached XP level 3. HP: 33/33 MP: 2/2
  1245 | D:2      | Found a bloodstained altar of Trog.
  1774 | D:3      | Noticed Terence
  1787 | D:3      | Killed Terence
  1959 | D:3      | Reached XP level 4. HP: 41/41 MP: 3/3
  2525 | D:4      | Reached XP level 5. HP: 48/48 MP: 4/4
  2534 | D:4      | Reached skill level 5 in Throwing
  2967 | D:4      | Reached XP level 6. HP: 55/55 MP: 5/5
  3556 | D:5      | Entered Level 5 of the Dungeon
  3665 | D:5      | Noticed a sky beast
  3678 | D:5      | Killed a sky beast
  3679 | D:5      | Reached skill level 5 in Unarmed Combat
  3679 | D:5      | Reached XP level 7. HP: 49/62 MP: 6/6
  4660 | D:6      | Noticed Blork the orc
  4686 | D:5      | Killed Blork the orc
  4687 | D:5      | Reached XP level 8. HP: 39/70 MP: 7/7
  4851 | D:6      | Noticed Dowan
  4853 | D:6      | Noticed Duvessa
  4861 | D:6      | Killed Duvessa
  4871 | D:6      | Killed from afar by Dowan

Illustrated notes

Levels and vault maps discovered:
D:1:      matt_arrival_los_fun, layout_loops_corners, serial_shops,
          nicolae_shop_crystal, ebering_ecumenical_altar_hall
D:2:      layout_rooms, basic_altar, minmay_misc_feat_pillars
D:3:      layout_loops_ring, uniq_terence
D:4:      layout_layer_cave
D:5:      layout_gridville
D:6:      layout_loops_corners, minmay_temple_entry_slanted,
          gammafunk_ghost_stat_death, uniq_blork_the_orc, uniq_edmund,
          uniq_duvessa

Skill      XL: |  1  2  3  4  5  6  7  8 |
---------------+-------------------------+-----
Unarmed Combat | 1 2 3 4 5 6 7 |  7.0
Throwing       | 4 5 6 7 |  7.5
Fighting       | |  1.5
Dodging        | |  1.5
Stealth        | |  0.3

Action                   |  1- 3 |  4- 6 |  7- 9 || total
-------------------------+-------+-------+-------++-------
Melee: Unarmed           |    59 |   102 |    70 ||   231
       Punch             |     1 |     4 |     4 ||     9
 Fire: Hunting sling     |    62 |    76 |    79 ||   217
Armor: Robe              |    30 |    54 |    11 ||    95
Dodge: Dodged            |    37 |    34 |    40 ||   111

Table legend: (Time is in decaauts)
 A = Elapsed time spent in this place.
 B = Non-inter-level travel time spent in this place.
 C = Inter-level travel time spent in this place.
 D = Time resting spent in this place.
 E = Time spent auto-exploring this place.
 F = Levels seen in this place.
 G = Mean time per level.
                   A        B        C        D        E       F      G
               +--------+--------+--------+--------+--------+-----+--------+
         Total |   4850 |   4685 |    165 |     57 |   3793 |   6 |  808.3 |
       Dungeon |   4850 |   4685 |    165 |     57 |   3793 |   6 |  808.3 |
               +--------+--------+--------+--------+--------+-----+--------+

Top non-repeatable levels by time:
     D:4: 1318 daAuts
     D:5: 1123 daAuts
     D:1: 986 daAuts
     D:3: 806 daAuts
     D:2: 442 daAuts
     D:6: 173 daAuts
